 Dungeon Crawl Stone Soup version 0.17.0-7-gfadd4cc (console) character file.

133 gw the Sneak (level 5, 0/40 HPs)
             Began as a Human Assassin on Nov 8, 2015.
             Slain by an orc wizard
             ... wielding a +1 dagger of venom
              (2 damage)
             ... on level 3 of the Dungeon.
             The game lasted 00:02:11 (1885 turns).

gw the Sneak (Human Assassin)                       Turns: 1885, Time: 00:02:11

Health: 0/40       AC:  8    Str: 11    XL:     5   Next: 39%
Magic:  5/5        EV:  9    Int: 12    God:
Gold:   122        SH:  0    Dex: 15    Spells: 0 memorised, 4 levels left

rFire  . . .     SeeInvis .     a - +0 dagger (elec)
rCold  . . .     Clarity  .     h - +0 scale mail
rNeg   . . .     SustAt   .     (no shield)
rPois  .         Gourm    .     c - +0 helmet
rElec  .         Spirit   .     d - +0 cloak
rCorr  .         Warding  .     (no gloves)
rMut   .         Stasis   .     (no boots)
MR     .....                    (no amulet)
Stlth  +.........               (no ring)
                                (no ring)

@: lethally poisoned (0 -> -11), not resistant to hostile enchantments, very
unstealthy
A: no striking features
a: no special abilities


You were on level 3 of the Dungeon.
You were not hungry.

You visited 1 branch of the dungeon, and saw 3 of its levels.

You collected 122 gold pieces.

Inventory:

Hand Weapons
 a - a +0 dagger of electrocution (weapon)
 b - a +0 blowgun
Missiles
 e - 8 poisoned needles
Armour
 c - a +0 helmet (worn)
 d - a +0 cloak (worn)
 h - a +0 scale mail (worn)
Comestibles
 g - a bread ration


   Skills:
 + Level 2.9 Fighting
 * Level 3.8 Short Blades
 + Level 2.4 Throwing
 + Level 1.9 Armour
 - Level 1.0 Dodging
 - Level 4.0 Stealth


You had 4 spell levels left.
You didn't know any spells.

Dungeon Overview and Level Annotations

Branches:
Dungeon (3/15)

Altars:


Message History

Something hits you.
You are lethally poisoned!
Unknown command.
Unknown command.
Unknown command.
Unknown command.
ATTACKING (1,0)
You hit the jackal.
The jackal is moderately wounded.
You feel sick. The jackal barely misses you.
Something hits you but does no damage.
Unknown command.
Unknown command.
Unknown command.
Unknown command.
ATTACKING (1,0)
You hit the jackal but do no damage.
There is a sudden explosion of sparks!
You kill the jackal!
You feel sick. Something hits you.
You die...

#.# ...# #..# . ####..# #
#. #p....#.# #
#.##{##..#.### #.
##h.......(.... #..
...........(##.#
##.#.########.##..##.###
.........###...#.........
#...<.........###.###.
####...##...### #
#......##.##


There were no monsters in sight!

Table legend:
 A = Turns spent in this place as a percentage of turns spent in the entire game.
 B = Non-inter-level travel turns spent in this place as a percentage of non-inter-level travel turns spent in the entire game.
 C = Inter-level travel turns spent in this place as a percentage of turns spent in this place.
 D = Turns resting spent in this place as a percentage of non-inter-level travel turns spent in this place.
 E = Turns spent auto-exploring this place as a percentage of non-inter-level travel turns spent in this place.
 F = Non-inter-level travel turns spent in this place divided by the number of levels of this place that you've seen.
                   A       B       C       D       E      F
               +-------+-------+-------+-------+-------+----------------------
         Total | 100.0 | 100.0 |   0.3 |   0.8 |   2.2 | 1127.3
       Dungeon | 100.0 | 100.0 |   0.3 |   0.8 |   2.2 | 1127.3
               +-------+-------+-------+-------+-------+----------------------

Table legend:
 A = Kills in this place as a percentage of kills in entire the game.
 B = Kills by you in this place as a percentage of kills by you in the entire game.
 C = Kills by friends in this place as a percentage of kills by friends in the entire game.
 D = Other kills in this place as a percentage of other kills in the entire game.
 E = Experience gained in this place as a percentage of experience gained in the entire game.
 F = Experience gained in this place divided by the number of levels of this place that you have seen.
                   A       B       C       D       E      F
               +-------+-------+-------+-------+-------+----------------------
         Total | 100.0 | 100.0 |  -nan |  -nan | 100.0 |  63.3
       Dungeon | 100.0 | 100.0 |  -nan |  -nan | 100.0 |  63.3
               +-------+-------+-------+-------+-------+----------------------

Vanquished Creatures
  An orc priest (D:3)
  Ijyb (D:2)
  Robin (D:2)
  An adder (D:2)
  An ooze (D:1)
  An orc (D:3)
  3 giant cockroaches
  5 hobgoblins (D:2)
  2 kobolds (D:1)
  5 bats
  A giant gecko (D:2)
  2 giant newts
  14 goblins
  7 jackals
  6 rats
51 creatures vanquished.

Notes
Turn   | Place    | Note
--------------------------------------------------------------
     0 | D:1      | gw the Human Assassin began the quest for the Orb.
     0 | D:1      | Reached XP level 1. HP: 16/16 MP: 1/1
   153 | D:1      | Reached XP level 2. HP: 22/22 MP: 2/2
   929 | D:2      | Reached XP level 3. HP: 22/27 MP: 3/3
   931 | D:2      | Reached skill level 1 in Armour
   935 | D:2      | Noticed Robin
   948 | D:2      | Killed Robin
  1469 | D:2      | Found a faded altar to an unknown god.
  1471 | D:2      | Reached XP level 4. HP: 34/34 MP: 4/4
  1542 | D:2      | Noticed Ijyb
  1551 | D:2      | Killed Ijyb
  1866 | D:3      | Reached XP level 5. HP: 21/40 MP: 5/5
  1885 | D:3      | HP: 2/40 [poisoned by an orc wizard]
  1885 | D:3      | Slain by an orc wizard

Action                   |  1- 3 |  4- 6 || total
-------------------------+-------+-------++-------
Melee: Dagger            |    68 |    69 ||   137
 Fire: Blowgun           |    46 |     8 ||    54
 Stab: Sleeping          |    14 |     2 ||    16
  Eat: Chunk             |     2 |     1 ||     3

Vault maps used:
D:1:      denvon_arrival_planthouse, minmay_misc_feat_diagonals
D:2:      ecumenical_altar_2, uniq_iyjb, uniq_robin
D:3:      nicolae_overflow_hidden_temple, nicolae_overflow_crystal_walls,
          gammafunk_temple_overflow_statue
